 Dungeon Crawl Stone Soup version 0.30-a0-341-g682706514a (webtiles) character file.

Game seed: 9701498441059016512

2398 Elric the Spear-Bearer (level 9, 0/49 (65) HPs)
             Began as a Merfolk Reaver on Nov 2, 2022.
             Was an Initiate of Hepliaklqana.
             Slain by a wight
             ... wielding a +4 great sword
              (7 damage)
             ... on level 6 of the Dungeon.
             The game lasted 00:24:36 (7902 turns).

Elric the Spear-Bearer (Merfolk Reaver)             Turns: 7902, Time: 00:24:36

HP:   0/49 (65)     AC:  9    Str: 14    XL:     9   Next: 46%
MP:   14/14         EV:  3    Int: 20    God:    Hepliaklqana [......]
Gold: 289           SH: 20    Dex: 13    Spells: 12/15 levels left

rFire   . . .      SeeInvis .    z - +1 spear (venom)
rCold   . . .      Faith    +    u - +6 tower shield
rNeg    . . .      Spirit   .    f - +0 chain mail
rPois   +          Reflect  .    (no helmet)
rElec   .          Harm     .    n - scarf {repulsion}
rCorr   .          Rampage  .    (no gloves)
Will    .....                    q - +0 pair of boots
Stlth   ..........               B - amulet of faith
HPRegen 0.28/turn                d - ring of poison resistance
MPRegen 0.14/turn                D - +6 ring of intelligence

@: heavily drained, repel missiles
A: (nimble swimmer 2), mertail
a: Renounce Religion


You were on level 6 of the Dungeon.
You worshipped Hepliaklqana.
Hepliaklqana was noncommittal.
You visited 2 branches of the dungeon, and saw 7 of its levels.

You collected 289 gold pieces.

Inventory:

Hand Weapons
 a - a +0 spear
 z - a +1 spear of venom (weapon)
Missiles
 k - 4 javelins
Armour
 b - a +0 leather armour
 f - a +0 chain mail (worn)
 n - a scarf of repulsion (worn)
 q - a +0 pair of boots (worn)
 u - a +6 tower shield (worn)
Jewellery
 d - a ring of poison resistance (left hand)
 m - an amulet of reflection
 A - an amulet of the acrobat
 B - an amulet of faith (around neck)
 D - a +6 ring of intelligence (right hand)
Wands
 t - a wand of flame (25)
 y - a wand of paralysis (10)
Scrolls
 e - 4 scrolls of teleportation
 g - a scroll of identify
 i - a scroll of noise {unknown}
 r - 4 scrolls of blinking
 v - a scroll of fear
 w - a scroll of vulnerability
Potions
 c - a potion of curing
 j - 2 potions of resistance
 l - 3 potions of might {unknown}
 o - a potion of experience {unknown}
 p - a potion of berserk rage {unknown}
 s - a potion of degeneration {unknown}
 x - 2 potions of attraction {unknown}
 C - 2 potions of cancellation {unknown}
 E - a potion of lignification {unknown}


   Skills:
 + Level 4.2 Fighting
 + Level 8.9 Polearms
 - Level 3.6 Dodging
 - Level 6.4 Stealth
 + Level 6.9 Shields
 + Level 3.5 Spellcasting
 - Level 2.8 Conjurations
 + Level 2.0 Translocations


You had 12 spell levels left.
You knew the following spells:

 Your Spells              Type           Power      Damage    Failure   Level
a - Kiss of Death         Conj/Necr      36%        2d8       100%        1
b - Momentum Strike       Conj/Tloc      26%        3d8       100%        2

Your spell library contained the following spells:

 Spells                   Type           Power      Damage    Failure   Level
 Blink                    Tloc           22%        N/A       100%        2
 Cigotuvi's Dreadful Rot  Necr/Pois/Air  6%         N/A       100%        2
 Poisonous Vapours        Pois/Air       6%         N/A       100%        2
 Gell's Gravitas          Tloc           11%        N/A       100%        3
 Hailstorm                Conj/Ice       9%         3d4       100%        3
 Lesser Beckoning         Tloc           22%        N/A       100%        3
 Mephitic Cloud           Conj/Pois/Air  7%         N/A       100%        3
 Teleport Other           Tloc           11%        N/A       100%        3
 Manifold Assault         Tloc           11%        N/A       100%        4
 Storm Form               Tmut/Air       1%         N/A       100%        7


Dungeon Overview and Level Annotations

Branches:
Dungeon (6/15)             Temple (1/1) D:5

Altars:
Ashenzari
Cheibriados
Dithmenos
Hepliaklqana
Kikubaaqudgha
Makhleb
Nemelex Xobeh
Okawaru
Sif Muna
Uskayaw
Vehumet
Xom
The Shining One

Shops:
D:4 !


Innate Abilities, Weirdness & Mutations

((You are very nimble when in or above water. (Stealth+, EV+, Speed+++)))
Your lower body shifts to a powerful aquatic tail in water.


Message History

You kill the ice beast!
Your Translocations skill increases to level 2!
You start resting.
HP restored.
Found a stone staircase leading down.
A wight comes into view. It is wielding a +7 war axe.
A wight comes into view. It is wielding a +4 great sword.
The wight hits you with a +7 war axe.
You hit the wight but do no damage. You block the wight's attack.
You hit the wight but do no damage. You block the wight's attack.
You closely miss the wight. The wight hits you with a +7 war axe!
You feel drained. The wight attacks as you move away!
You block the wight's attack. The wight attacks as you move away!
The wight hits you with a +7 war axe!
You feel drained.
You hit the wight but do no damage. You block the wight's attack.
You hit the wight but do no damage. You hit the wight but do no damage.
You hit the wight.
The wight is moderately damaged.
You block the wight's attack.
You hit the wight but do no damage.
The wight is moderately damaged.
You block the wight's attack.
You puncture the wight!
The wight is severely damaged.
The wight hits you with a +4 great sword!
You hit the wight.
The wight is almost destroyed.
The wight hits you with a +4 great sword!
* * * LOW HITPOINT WARNING * * *
You feel drained.
* * * LOW HITPOINT WARNING * * *
You hit the wight but do no damage.
The wight is almost destroyed.
You block the wight's attack.
You barely miss the wight.
The wight is almost destroyed.
The wight hits you with a +4 great sword!
You die...

#####
#################....##########
#.............@zzz.......<....)
#....############....##########
###....# ##### .......#
.....### ##### ......... ...#
....##### #.#### ....# ##....##
....# #.W....###


You could see 3 wights.

Vanquished Creatures
  The ghost of voshxx the Magician, an amateur DEFE (D:4)
  A wraith (D:5)
  A sky beast (D:6)
  2 ice beasts (D:6)
  4 ogres
  4 phantoms
  A gnoll sergeant (D:4)
  A necrophage (D:4)
  2 scorpions
  5 wights
  3 hounds
  3 orc priests (D:5)
  A jelly (D:5)
  2 iguanas
  4 orc wizards
  A hound skeleton (D:4)
  9 gnolls
  8 adders
  An ufetubus (D:3)
  A worm (D:2)
  4 dart slugs
  25 orcs
  9 endoplasms
  A giant cockroach (D:1)
  6 goblins
  7 hobgoblins
  8 kobolds
  9 quokkas
  7 ball pythons
  4 bats
  3 frilled lizards
  9 rats
147 creatures vanquished.

Notes
Turn   | Place    | Note
-------+----------+-------------------------------------------
     0 | D:1      | Elric the Merfolk Reaver began the quest for the Orb.
     0 | D:1      | Reached XP level 1. HP: 16/16 MP: 3/3
   179 | D:1      | Reached XP level 2. HP: 23/23 MP: 5/5
   464 | D:1      | Found a faded altar of an unknown god.
   570 | D:1      | Reached XP level 3. HP: 28/28 MP: 6/6
  1298 | D:2      | Reached XP level 4. HP: 29/34 MP: 7/7
  1827 | D:3      | Noticed a scorpion
  1861 | D:3      | Reached skill level 5 in Polearms
  1873 | D:3      | Killed a scorpion
  1874 | D:3      | Reached skill level 6 in Polearms
  1874 | D:3      | Reached XP level 5. HP: 13/40 MP: 8/8
  2623 | D:4      | Reached XP level 6. HP: 27/46 MP: 9/9
  3108 | D:4      | Reached skill level 7 in Polearms
  3251 | D:4      | Found Nirchukh's Distillery.
  3720 | D:4      | Reached XP level 7. HP: 51/51 MP: 10/10
  3947 | D:4      | Found a burning altar of Makhleb.
  3992 | D:4      | Reached skill level 5 in Stealth
  4539 | D:4      | Found a runed translucent door.
  4542 | D:4      | Noticed voshxx's ghost (amateur DEFE)
  4652 | D:4      | Killed voshxx's ghost
  4653 | D:4      | Reached skill level 8 in Polearms
  4741 | D:5      | Entered Level 5 of the Dungeon
  4823 | D:5      | Reached skill level 1 in Shields
  4823 | D:5      | Reached XP level 8. HP: 56/57 MP: 11/11
  5017 | D:5      | Noticed a wraith
  5083 | D:5      | Killed a wraith
  5242 | D:5      | Reached skill level 5 in Shields
  5619 | D:5      | Found a staircase to the Ecumenical Temple.
  5635 | Temple   | Entered the Ecumenical Temple
  5671 | Temple   | Became a worshipper of Hepliaklqana the Forgotten
  6048 | D:6      | Learned a level 2 spell: Momentum Strike
  6680 | D:6      | Reached XP level 9. HP: 52/57 MP: 13/13
  6717 | D:6      | Reached skill level 1 in Translocations
  7451 | D:6      | HP: 2/52 [wight/+0 morningstar (3)]
  7902 | D:6      | Slain by a wight

Illustrated notes

Levels and vault maps discovered:
D:1:      psy_arrival_spokes, layout_rooms,
          hellmonk_ecumenical_altar_inner_sanctum,
          chequers_serial_rivers_small_a
D:2:      layout_basic
D:3:      layout_basic, serial_rivers, chequers_serial_rivers_small_3,
          chequers_serial_rivers_small_b, chequers_serial_rivers_micro_d,
          chequers_serial_rivers_small_3, chequers_serial_rivers_marsh,
          chequers_serial_rivers_small_3
D:4:      layout_loops_ring, makhleb_blood_cavern_becter, serial_rivers,
          chequers_serial_rivers_micro_e, chequers_serial_rivers_room_a,
          chequers_serial_rivers_marsh, chequers_serial_rivers_micro_e,
          chequers_serial_rivers_small_b, ebering_ghost_reflecting_pool,
          gup_sewer_entry_bowl, serial_shops, nicolae_shop_statue_plus
D:5:      layout_basic, minmay_temple_entry_butterflies
D:6:      wad_pebble_path, layout_basic
Temple:   nicolae_temple_two_arcs

Skill      XL: |  1  2  3  4  5  6  7  8  9 |
---------------+----------------------------+-----
Dodging        | 3 |  3.6
Polearms       | 6 7 8 |  8.9
Stealth        | 2 4 6 |  6.4
Shields        | 1 6 |  6.9
Fighting       | 3 4 |  4.2
Translocations | 2 |  2.0
Spellcasting   | 3 |  3.5
Conjurations   | |  2.8

Action                   |  1- 3 |  4- 6 |  7- 9 || total
-------------------------+-------+-------+-------++-------
Melee: Spear             |   141 |   241 |   568 ||   950
       Tailslap          |       |     3 |     1 ||     4
       Punch             |       |     1 |       ||     1
 Cast: Kiss of Death     |     1 |       |       ||     1
Evoke: Wand              |       |     7 |       ||     7
  Use: Scroll            |       |     8 |     6 ||    14
       Potion            |       |     1 |     4 ||     5
 Stab: Paralysed         |       |     9 |       ||     9
Armor: Leather armour    |    16 |       |       ||    16
       Chain mail        |    26 |    94 |   115 ||   235
Dodge: Dodged            |    58 |    25 |    19 ||   102
Block: Other             |     2 |    14 |       ||    16
       Tower shield      |       |   153 |   437 ||   590
       Reflection        |       |       |     2 ||     2

Table legend: (Time is in decaauts)
 A = Elapsed time spent in this place.
 B = Non-inter-level travel time spent in this place.
 C = Inter-level travel time spent in this place.
 D = Time resting spent in this place.
 E = Time spent auto-exploring this place.
 F = Levels seen in this place.
 G = Mean time per level.
                   A        B        C        D        E       F      G
               +--------+--------+--------+--------+--------+-----+--------+
         Total |   7912 |   7619 |    293 |   1712 |   3894 |   7 | 1130.3 |
       Dungeon |   7854 |   7561 |    293 |   1712 |   3894 |   6 | 1309.0 |
        Temple |     57 |     57 |      0 |      0 |      0 |   1 |   57.0 |
               +--------+--------+--------+--------+--------+-----+--------+

Top non-repeatable levels by time:
     D:5: 2092 daAuts
     D:4: 1869 daAuts
     D:3: 1168 daAuts
     D:6: 1053 daAuts
     D:1: 859 daAuts
     D:2: 810 daAuts
  Temple: 57 daAuts
